 Dungeon Crawl Stone Soup version 0.30.1-9-gdf580d7c3d (webtiles) character file.

Game seed: 2822563846589714511

35121 Dillybarz the Severer (level 13, -2/119 HPs)
             Began as a Minotaur Fighter on Oct 16, 2023.
             Was a High Priest of Okawaru.
             Slain by a manticore (5 damage)
             ... summoned by Kirke
             ... on level 4 of the Lair of Beasts.
             The game lasted 00:42:55 (13825 turns).

Dillybarz the Severer (Minotaur Fighter)           Turns: 13825, Time: 00:42:56

Health: -2/119     AC:  0    Str: 25    XL:     13   Next: 45%
Magic:  12/15      EV: 15    Int:  5    God:    Okawaru [*****.]
Gold:   635        SH:  0    Dex: 11    Spells: 12/12 levels left

rFire   . . .        a - melded +1 war axe (flame)
rCold   . . .        c - melded +0 buckler
rNeg    . . .        L - melded +0 plate armour
rPois   .            I - melded +2 hat
rElec   .            n - melded +1 cloak {rPois}
rCorr   .            (gloves currently unavailable)
SInv    .            G - melded +0 pair of boots
Will    .....        R - amulet of regeneration
Stlth   +++          g - melded ring of flight
HPRegen 1.19/turn    A - melded ring of willpower
MPRegen 0.14/turn

%: no passive effects
@: pig-form, heroic, slowed
A: fast, no casting, small, (horns 2), (retaliatory headbutt)
a: Renounce Religion, Heroism, Finesse, Duel


You were on level 4 of the Lair of Beasts.
You worshipped Okawaru.
Okawaru was extremely pleased with you.
You were a filthy swine.
You visited 3 branches of the dungeon, and saw 16 of its levels.
You also visited: Sewer.

You collected 1143 gold pieces.
You spent 508 gold pieces at shops.

Inventory:

Hand Weapons
 a - a +1 war axe of flaming (melded)
Missiles
 f - a curare-tipped dart
 h - 134 stones
 o - 10 atropa-tipped darts
 q - 4 boomerangs
 E - 2 throwing nets
 K - 38 poisoned darts (quivered)
Armour
 c - a +0 buckler (melded)
 i - a scarf of repulsion
 n - a +1 cloak of poison resistance (melded)
 B - a +2 tower shield
 G - a +0 pair of boots (melded)
 I - a +2 hat (melded)
 L - a +0 plate armour (melded)
Jewellery
 g - a ring of flight (melded)
 w - a ring of protection from fire
 A - a ring of willpower (melded)
 R - an amulet of regeneration (around neck)
 S - a ring of resist corrosion
Wands
 j - a wand of flame (21)
 u - a wand of digging (4)
 C - a wand of roots (7)
 O - a wand of polymorph (4)
 Q - a wand of light (6)
Scrolls
 k - a scroll of immolation
 y - a scroll of brand weapon
 z - a scroll of magic mapping
 D - a scroll of poison
 F - 3 scrolls of teleportation
 J - 3 scrolls of fear
 M - a scroll of blinking
 N - a scroll of enchant weapon
 P - a scroll of enchant armour
Potions
 d - 2 potions of might
 e - 2 potions of mutation
 l - 2 potions of haste
 m - 2 potions of resistance
 p - 6 potions of curing
 r - 3 potions of invisibility
 s - a potion of berserk rage
 t - 2 potions of lignification
 x - 3 potions of heal wounds
 H - 3 potions of magic
 T - a potion of flight {unknown}


   Skills:
 + Level 12.4(17.4) Fighting
 * Level 16.9(21.9) Axes
 + Level 12.5(17.5) Armour
 + Level 12.5(17.5) Shields
 - Level 5.0 Invocations


You had 12 spell levels left.
You didn't know any spells.
Your spell library contained the following spells:

 Spells                   Type           Power      Damage    Failure   Level
 Blink                    Tloc           0%         N/A       63%         2
 Lesser Beckoning         Tloc           0%         N/A       63%         2
 Momentum Strike          Conj/Tloc      0%         3d8       63%         2
 Poisonous Vapours        Pois/Air       0%         N/A       63%         2
 Scorch                   Fire           0%         2d5       63%         2
 Inner Flame              Hex/Fire       0%         N/A       85%         3
 Mephitic Cloud           Conj/Pois/Air  0%         N/A       85%         3
 Ozocubu's Armour         Ice            0%         N/A       85%         3
 Vhi's Electric Charge    Tloc/Air       0%         N/A       85%         3
 Flame Wave               Conj/Fire      0%         2d4       99%         4
 Olgreb's Toxic Radiance  Pois           0%         N/A       99%         4
 Arcjolt                  Conj/Air       0%         1d10      100%        5
 Borgnjor's Vile Clutch   Necr/Erth      0%         N/A       100%        5
 Freezing Cloud           Conj/Ice/Air   0%         6-21      100%        5
 Yara's Violent Unravell  Hex/Tmut       0%         3d3       100%        5
 Enfeeble                 Hex            0%         N/A       100%        7
 Ozocubu's Refrigeration  Ice            0%         4d7       100%        7
 Discord                  Hex            0%         N/A       100%        8
 Ignition                 Fire           0%         3d3       100%        8
 Maxwell's Capacitive Co  Air            0%         ∞         100%        8
 Animate Dead             Necr           Unusable   N/A       N/A         4
 Death Channel            Necr           Unusable   N/A       N/A         6
 Summon Cactus Giant      Summ           Unusable   N/A       N/A         6

Dungeon Overview and Level Annotations

Branches:
Dungeon (11/15)            Temple (1/1) D:4            Lair (4/5) D:11
 Shoals (0/4) Lair:3       Spider (0/4) Lair:3        Slime (0/5) Lair:4
    Orc (0/2) D:9           Sewer (visited)

Altars:
Ashenzari
Cheibriados
Dithmenos
Elyvilon
Fedhas
Gozag
Hepliaklqana
Kikubaaqudgha
Makhleb
Nemelex Xobeh
Okawaru
Qazlal
Ru
Sif Muna
Trog
Uskayaw
Vehumet
Wu Jian
Xom
Yredelemnul
Zin
The Shining One
Jiyva

Shops:
D:6 !   D:7 [   D:8 [

Annotations:
Lair:4 Kirke


Innate Abilities, Weirdness & Mutations

You are a filthy swine.
You move quickly.
Your equipment is almost entirely melded.
You are incapable of wielding weapons or throwing items.
You cannot cast spells.
((You have a pair of horns on your head.))
((You reflexively headbutt those who attack you in melee.))


Message History

Kirke hits you but does no damage. You block the manticore's attack.
The manticore claws you but does no damage.
The manticore barely misses you.
You slash Kirke! You burn Kirke. You headbutt Kirke.
Kirke is heavily wounded.
You hit the sphinx but do no damage. You barely miss the manticore.
The manticore bites you!
The manticore claws you but does no damage.
The manticore claws you. Kirke casts a spell at you.
You turn into a filthy swine.
Your +1 war axe of flaming melds into your body.
Your +1 cloak of poison resistance melds into your body.
Your +2 hat melds into your body.
Your +0 pair of boots melds into your body.
Your +0 buckler melds into your body.
Your +0 plate armour melds into your body.
Your ring of flight melds into your body.
Your ring of willpower melds into your body.
Your +1 war axe of flaming stops flaming.
You no longer feel resistant to poison.
You float gracefully downwards.
The sphinx hits you!! The sphinx closely misses you.
The sphinx barely misses you.
You completely miss Kirke.
Kirke is heavily wounded.
The sphinx closely misses you. The sphinx hits you!
The sphinx barely misses you. Kirke closely misses you.
The manticore bites you!! The manticore barely misses you.
The manticore claws you!
* * * LOW HITPOINT WARNING * * *
You closely miss Kirke.
Kirke is heavily wounded.
The sphinx hits you.
* * * LOW HITPOINT WARNING * * *
The sphinx hits you!
* * * LOW HITPOINT WARNING * * *
The sphinx hits you!
* * * LOW HITPOINT WARNING * * *
The manticore barely misses you. The manticore claws you.
You die...

.......#.#.....
................#
..............(.#
....#.......#.(.#
......._>.......
....#.......#..#
...............####
..............h@H.#.#
#......#.#....hHh..#
###...........##...P#
##.#.........###...##
P###......#.## ##..P#
....###...### .....
###.# ####.# ..#.##
#.# #.. .#.<# ### ###
.##..


You could see Kirke, a sphinx (summoned), a manticore (summoned) and 2 hogs.

Vanquished Creatures
  A hydra (Lair:4)
  3 death yaks (Lair:2)
  A boulder beetle (D:11)
  2 skysharks (Lair:3)
  3 manticores (D:11)
  A cyclops (D:11)
  A water nymph (Lair:3)
  A black mamba (Lair:3)
  5 cane toads
  2 unseen horrors
  3 rime drakes
  3 kobold demonologists
  7 komodo dragons
  A polar bear (Lair:4)
  2 trolls (D:11)
  A hornet (D:9)
  20 blink frogs
  2 shadows (D:9)
  2 vampires (D:10)
  3 hogs (Lair:4)
  14 yaks
  A steam dragon (D:9)
  2 vampire mosquitoes (D:10)
  4 acid dragons
  9 water moccasins
  Pargi (Sewer)
  3 orc warriors
  4 sky beasts
  3 ice beasts
  3 ogres
  11 wolves
  3 centaurs
  2 phantoms
  5 kobold brigands
  10 bullfrogs
  4 scorpions
  A gnoll sergeant (D:8)
  6 wights
  2 troll zombies (D:9)
  7 killer bees
  6 howler monkeys
  2 hounds
  3 jellies
  2 orc priests
  A gnoll bouda (D:6)
  3 sleepcaps
  3 iguanas
  4 orc wizards
  5 ogre zombies (D:9)
  11 adders
  8 gnolls
  2 river rats (D:3)
  A white imp (D:6)
  An ufetubus (D:5)
  A worm (D:2)
  2 dart slugs
  21 orcs
  8 endoplasms
  6 giant cockroaches
  12 goblins
  7 hobgoblins
  9 jackals
  11 kobolds
  3 quokkas
  3 ball pythons
  7 bats
  3 frilled lizards
  4 goblin zombies (D:9)
  A hobgoblin skeleton (D:9)
  4 hobgoblin zombies (D:9)
  An orc skeleton (D:9)
  11 orc zombies (D:9)
  6 rats
331 creatures vanquished.

Vanquished Creatures (others)
  An orc wizard (D:5)
1 creature vanquished.

Grand Total: 332 creatures vanquished

Notes
Turn   | Place    | Note
-------+----------+-------------------------------------------
     0 | D:1      | Dillybarz the Minotaur Fighter began the quest for the Orb.
     0 | D:1      | Reached XP level 1. HP: 19/19 MP: 0/0
   238 | D:1      | Reached XP level 2. HP: 24/27 MP: 1/1
   274 | D:1      | Reached skill level 3 in Axes
   446 | D:1      | Reached XP level 3. HP: 33/33 MP: 2/2
  1414 | D:3      | Noticed a bullfrog
  1431 | D:3      | Killed a bullfrog
  1432 | D:3      | Reached skill level 4 in Axes
  1432 | D:3      | Reached XP level 4. HP: 30/41 MP: 3/3
  1446 | D:3      | Reached XP level 5. HP: 14/47 MP: 4/4
  1460 | D:3      | Found a glowing drain.
  1467 | Sewer    | Entered a sewer
  1618 | Sewer    | Noticed Pargi
  1627 | Sewer    | Killed Pargi
  1628 | Sewer    | Reached skill level 5 in Axes
  2254 | D:4      | Noticed an ogre
  2257 | D:4      | Killed an ogre
  2258 | D:4      | Reached skill level 5 in Fighting
  2258 | D:4      | Reached skill level 5 in Shields
  2258 | D:4      | Reached XP level 6. HP: 56/56 MP: 5/5
  2361 | D:4      | Reached skill level 5 in Armour
  2622 | D:4      | Reached skill level 6 in Axes
  2622 | D:4      | Reached XP level 7. HP: 61/61 MP: 6/6
  2854 | D:4      | Found a bloodstained altar of Trog.
  2941 | D:4      | Found a staircase to the Ecumenical Temple.
  2955 | Temple   | Entered the Ecumenical Temple
  3362 | D:5      | Entered Level 5 of the Dungeon
  3437 | D:5      | Noticed a kobold demonologist
  3449 | D:5      | Killed a kobold demonologist
  3450 | D:5      | Reached skill level 7 in Axes
  3645 | D:5      | HP: 1/63 [ogre/+0 giant club (24)]
  3647 | D:5      | Reached XP level 8. HP: 2/70 MP: 7/7
  4347 | D:5      | Reached skill level 8 in Axes
  4561 | D:5      | Found a shimmering blue altar of Sif Muna.
  4562 | D:5      | Found a radiant altar of Vehumet.
  4808 | D:6      | Found a hazy altar of Hepliaklqana.
  4810 | D:6      | Found a stormy altar of Qazlal.
  4822 | D:6      | Found Raehyrph's Distillery.
  5046 | D:6      | Reached skill level 9 in Axes
  5234 | D:6      | Reached XP level 9. HP: 30/75 MP: 8/8
  5886 | D:7      | Found Mube's Antique Armour Boutique.
  5891 | D:7      | Bought a glowing cloak for 180 gold pieces
  5891 | D:7      | Bought a runed tower shield for 180 gold pieces
  5935 | D:7      | You are sucked into a shaft and drop 2 floors!
  6634 | D:8      | Reached skill level 10 in Axes
  6910 | D:8      | Found Feumeggaso's Antique Armour Shop.
  6917 | D:8      | Bought a pair of boots for 148 gold pieces
  7582 | D:9      | Reached skill level 11 in Axes
  7931 | D:9      | Reached XP level 10. HP: 81/90 MP: 9/9
  8017 | D:9      | Found a staircase to the Orcish Mines.
  8795 | D:10     | Entered Level 10 of the Dungeon
  8854 | D:10     | Reached skill level 12 in Axes
  8917 | D:10     | Found an iron altar of Okawaru.
  8921 | D:10     | Became a worshipper of Warmaster Okawaru
  9161 | D:10     | Reached * piety under Okawaru
  9707 | D:11     | Noticed a manticore
  9714 | D:11     | Killed a manticore
  9715 | D:11     | Reached skill level 1 in Invocations
  9874 | D:11     | Noticed a boulder beetle
  9928 | D:10     | HP: 1/92 [something (4)]
 10202 | D:11     | Noticed a cyclops
 10202 | D:11     | Noticed a manticore
 10211 | D:11     | Reached XP level 11. HP: 93/99 MP: 10/10
 10214 | D:11     | Reached skill level 13 in Axes
 10220 | D:11     | Reached skill level 10 in Shields
 10490 | D:11     | Reached ** piety under Okawaru
 10533 | D:11     | Reached skill level 10 in Fighting
 10533 | D:11     | Reached skill level 10 in Armour
 10544 | D:11     | Killed a boulder beetle
 10737 | D:11     | Found a staircase to the Lair.
 10963 | D:11     | Reached skill level 14 in Axes
 10963 | D:11     | Reached XP level 12. HP: 108/108 MP: 12/14
 11012 | Lair:1   | Entered Level 1 of the Lair of Beasts
 11333 | Lair:1   | Reached *** piety under Okawaru
 11379 | Lair:1   | Reached skill level 15 in Axes
 11885 | Lair:2   | You are sucked into a shaft and drop 2 floors!
 11885 | Lair:4   | Found a viscous altar of Jiyva.
 11885 | Lair:4   | Found a staircase to the Slime Pits.
 11970 | Lair:3   | Reached skill level 5 in Invocations
 11974 | Lair:3   | Reached **** piety under Okawaru
 12204 | Lair:2   | Noticed a death yak
 12205 | Lair:2   | Noticed a death yak
 12206 | Lair:2   | Noticed a death yak
 12226 | Lair:2   | Killed a death yak
 12239 | Lair:2   | Killed a death yak
 12244 | Lair:2   | Killed a death yak
 12337 | Lair:2   | Reached XP level 13. HP: 102/117 MP: 15/15
 12380 | Lair:2   | Reached skill level 16 in Axes
 12402 | Lair:2   | Reached ***** piety under Okawaru
 12444 | Lair:2   | Identified the +10 battleaxe of Embarrassment {elec, *Rage
                  | rC+++ Will+++ MP+9}
 13209 | Lair:3   | Found a staircase to the Shoals.
 13515 | Lair:3   | Found a hole to the Spider Nest.
 13804 | Lair:4   | Noticed Kirke
 13819 | Lair:4   | Noticed a sphinx
 13825 | Lair:4   | HP: 3/119 [sphinx[Kirke] (12)]
 13825 | Lair:4   | Slain by a manticore

Illustrated notes

Levels and vault maps discovered:
D:1:      dpeg_arrival_morbid_curiosity, layout_basic, feat_on_display
D:2:      layout_loops_ring, kennysheep_doodads
D:3:      layout_basic, portal_sewer_entry_e
D:4:      layout_loops_ring, mainiacjoe_overflow_cross_hatched,
          minmay_temple_entry_offerings, due_unseen_surprise
D:5:      layout_loops_corners, mainiacjoe_overflow_divided_tiny
D:6:      layout_rooms, nicolae_overflow_hidden_temple, serial_shops, shop,
          lemuel_flame_loot_1
D:7:      layout_loops_ring, serial_shops, nicolae_shop_trees
D:8:      layout_loops_ring, serial_shops, shop
D:9:      layout_irregular_city, zombieorc2_lemuel
D:10:     layout_irregular_city, mainiacjoe_overflow_alcove_4,
          serial_column_ruins, column_ruins_hut, column_ruins_circle_small,
          column_ruins_grid_1, column_ruins_open_small,
          column_ruins_columns_straight, column_ruins_open_tiny,
          column_ruins_grid_1, kennysheep_big_empty_room,
          dreamdust_mushroom_princess
D:11:     layout_rooms, lair_entry_dummy
Temple:   regret_index_temple_sphere_string
Lair:1:   layout_loops_ring, infiniplex_staircase_pool_2
Lair:2:   layout_regular_city
Lair:3:   layout_misc_corridors, nicolae_shoals_entry_flooding,
          spider_nest_entry_web_field, cheibrodos_lair_reptile_den,
          lemuel_fruit_tree, grunt_megastairs_2
Lair:4:   layout_loops_ring, nicolae_slime_entry_slimehenge, serial_rivers,
          chequers_serial_rivers_large_a, chequers_serial_rivers_room_a,
          chequers_serial_rivers_small_b, chequers_serial_rivers_small_b,
          chequers_serial_rivers_large_b, ebering_ghost_inner_flame, uniq_kirke

Skill      XL: |  1  2  3  4  5  6  7  8  9 10 11 12 13 |
---------------+----------------------------------------+-----
Axes           | 3 4 5 6 7 9 11 12 14 15 16 | 16.9
Fighting       | 4 5 6 7 8 9 10 11 12 | 12.4
Shields        | 4 5 6 7 8 9 11 12 | 12.5
Armour         | 4 5 6 7 8 9 11 12 | 12.5
Invocations    | 1 4 5 |  5.0

Action                     |  1- 3 |  4- 6 |  7- 9 | 10-12 | 13-15 || total
---------------------------+-------+-------+-------+-------+-------++-------
  Melee: War axe           |    73 |    89 |   258 |   422 |   153 ||   995
         Headbutt          |    12 |    10 |    46 |    92 |    30 ||   190
         Unarmed           |       |       |       |       |     5 ||     5
  Throw: Dart              |       |       |       |       |     2 ||     2
 Invoke: Heroism           |       |       |       |     4 |     4 ||     8
  Evoke: Wand              |       |     1 |       |       |       ||     1
    Use: Scroll            |     3 |       |    16 |     6 |     2 ||    27
         Potion            |       |       |       |     1 |     1 ||     2
 Armour: Chain mail        |    47 |    31 |   103 |       |       ||   181
         Plate armour      |       |       |    16 |   235 |    84 ||   335
  Dodge: Dodged            |    37 |    41 |    70 |    89 |    45 ||   282
         Repelled          |       |       |     3 |       |       ||     3
  Block: Buckler           |    17 |    22 |    72 |   178 |    46 ||   335
         Reflection        |       |       |     6 |     6 |       ||    12
